 Dungeon Crawl Stone Soup version 0.22-a0-456-g11ed031 (webtiles) character file.

13248 galech the Basher (level 12, -5/67 HPs)
             Began as a Gargoyle Fighter on June 6, 2018.
             Was a High Priest of Okawaru.
             Slain by a sun demon (14 damage)
             ... summoned by an orc high priest
             ... on level 2 of the Orcish Mines.
             The game lasted 00:16:29 (9427 turns).

galech the Basher (Gargoyle Fighter)                Turns: 9427, Time: 00:16:29

Health: -5/67      AC: 29    Str: 24    XL:     12   Next: 4%
Magic:  10/12      EV: 13    Int:  9    God:    Okawaru [*****.]
Gold:   833        SH: 15    Dex: 18    Spells: 11/11 levels left

rFire    . . .     SeeInvis +   b - +2 mace of Baofuf {drain, Dex+5 Stlth+}
rCold    . . .     Gourm    .   c - +0 shield
rNeg     + . .     Faith    .   N - +0 plate armour
rPois    ∞         Spirit   .   T - +0 helmet {SInv}
rElec    +         Reflect  .   H - +0 cloak
rCorr    .         Harm     .   (no gloves)
MR       .....                  G - +0 pair of boots
Stlth    ..........             r - amulet of regeneration
HPRegen  0.61/turn              D - +3 ring of strength
MPRegen  0.13/turn              (no ring)

@: heroism
A: frail 1, negative energy resistance 1, electricity resistance, unbreathing,
petrification resistance, rot immunity, AC +8
a: Heroism, Finesse, Renounce Religion


You were on level 2 of the Orcish Mines.
You worshipped Okawaru.
Okawaru was extremely pleased with you.
You were not hungry.

You visited 3 branches of the dungeon, and saw 13 of its levels.

You collected 833 gold pieces.

Inventory:

Hand Weapons
 a - a +0 flail
 b - the +2 mace of Baofuf (weapon) {drain, Dex+5 Stlth+}
   (You found it on level 9 of the Dungeon)

   A truly terrible weapon, it drains the life of those it strikes.
   It affects your dexterity (+5).
   It makes you more stealthy.
 w - a +3 flail of draining
 S - a +2 dire flail of draining
Armour
 c - a +0 shield (worn)
 G - a +0 pair of boots (worn)
 H - a +0 cloak (worn)
 N - a +0 plate armour (worn)
 R - +0 steam dragon scales
 T - a +0 helmet of see invisible (worn)
Jewellery
 r - an amulet of regeneration (around neck)
 v - an uncursed amulet of the gourmand
 B - an uncursed ring of ice
 D - a +3 ring of strength (left hand)
Wands
 A - a wand of random effects (36)
 L - a wand of enslavement (10)
 O - a wand of paralysis (12)
 P - a wand of flame (47)
 U - a wand of acid (11)
Scrolls
 e - a scroll of noise
 h - 2 scrolls of fear
 j - 3 scrolls of enchant armour
 n - 5 scrolls of teleportation
 o - 3 scrolls of blinking
 p - 5 scrolls of remove curse
 y - a scroll of enchant weapon
 z - 4 scrolls of fog
 E - a scroll of random uselessness {unknown}
 K - a scroll of magic mapping {unknown}
 M - a scroll of brand weapon {unknown}
Potions
 d - a potion of might
 k - 3 potions of curing
 l - 2 potions of lignification {unknown}
 m - 4 potions of heal wounds
 q - a potion of berserk rage {unknown}
 s - 4 potions of cancellation {unknown}
 t - 2 potions of flight {unknown}
 u - 2 potions of agility {unknown}
 x - 3 potions of brilliance {unknown}
 C - a potion of magic {unknown}
 F - 2 potions of resistance {unknown}
 J - 2 potions of ambrosia {unknown}
 Q - 5 potions of degeneration {unknown}
Comestibles
 f - 19 rations
 g - 5 chunks of flesh


   Skills:
 + Level 8.5(13.5) Fighting
 + Level 12.2(17.2) Maces & Flails
 + Level 8.5(13.5) Armour
 + Level 3.4(8.4) Dodging
 + Level 0.3(5.3) Stealth
 + Level 11.0(16.0) Shields


You had 11 spell levels left.
You didn't know any spells.
Your spell library contained the following spells:

 Spells                   Type           Power        Failure   Level  Hunger
 Magic Dart               Conj           #...         98%         1    ##.....
 Apportation              Tloc           #.....       98%         1    ##.....
 Confuse                  Hex            #.......     100%        3    ####...
 Summon Small Mammal      Summ           #...         98%         1    ##.....
 Iskenderun's Mystic Bla  Conj           #.......     100%        4    #####..
 Animate Skeleton         Necr           N/A          98%         1    ##.....
 Tukima's Dance           Hex            #.......     100%        3    ####...
 Confusing Touch          Hex            #.....       98%         1    ##.....
 Ensorcelled Hibernation  Hex/Ice        #.....       99%         2    ###....
 Corona                   Hex            #......      98%         1    ##.....
 Fulminant Prism          Conj/Hex       #.........   100%        4    #####..
 Dazzling Spray           Conj/Hex       #.....       100%        3    ####...
 Force Lance              Conj/Tloc      #.......     100%        4    #####..
 Searing Ray              Conj           #.....       99%         2    ###....


Dungeon Overview and Level Annotations

Branches:
Dungeon (10/15)            Temple (1/1) D:4            Lair (0/6) D:10
    Orc (2/2) D:10
    Elf: Orc:2

Altars:
Cheibriados
Dithmenos
Fedhas
Kikubaaqudgha
Makhleb
Nemelex Xobeh
Okawaru
Ru
Sif Muna
Trog
Xom
Yredelemnul
Zin
The Shining One

Shops:
D:4 }   D:7 =   D:10 :


Innate Abilities, Weirdness & Mutations

You are resistant to torment.
Your stone body is resilient. (AC +8)
You are immune to poison.
You resist negative energy. (rN+)
You are resistant to electric shocks. (rElec)
You can survive without breathing.
You are immune to petrification.
You are immune to rotting.
You are frail. (-10% HP)


Message History

You block the sun demon's attack.
The orc high priest invokes the aid of Beogh against you.
Beogh smites you!
You closely miss the orc high priest.
The orc high priest is severely wounded.
The sun demon hits you!
You are engulfed in flames!
* * * LOW HITPOINT WARNING * * *
The orc high priest hits you but does no damage.
You closely miss the orc high priest.
The orc high priest is severely wounded.
You block the sun demon's attack.
You gain the combat prowess of a mighty hero.
The sun demon hits you but does no damage.
The orc high priest misses you.
You sock the orc high priest!
The orc high priest is almost dead.
The sun demon hits you.
* * * LOW HITPOINT WARNING * * *
You are engulfed in flames!
You die...

..#.##....#.##....###
..........#.........#.
....##...............# #
.....#....#..#.......#.## #.
........................## ..
..........##.#...........####.
........###......#......##.##.
.............o..#.....# #.....
.....o.......@####...#####....
###...######..3.##...#.#......
o.... ##..)..........).#.
..o... ##..##...#........
.o#### #o####..#...#.... o.
#.# #..)).####.. #)#
##.#....#... #)# ####....#.#
#)# #....#.#.


You could see an orc high priest, a sun demon and an orc wizard.

Vanquished Creatures
  2 orc high priests (Orc:2)
  An unseen horror (D:10)
  Pikel (D:6)
  2 orc sorcerers
  2 orc knights
  A troll (Orc:1)
  Grinder (D:4)
  3 slime creatures (D:8)
  A wraith (D:10)
  8 yaks
  2 steam dragons
  Edmund (D:4)
  A water moccasin (D:8)
  2 hell hounds (D:10)
  2 wargs (Orc:1)
  An ice beast (D:8)
  8 orc warriors
  2 sky beasts
  An eye of draining (D:8)
  2 ogres
  6 necrophages
  3 phantoms
  6 centaurs
  A crocodile (D:9)
  4 big kobolds
  Blork the orc (D:4)
  2 bullfrogs
  A wyvern skeleton (D:8)
  3 scorpions
  2 troll zombies (D:10)
  9 killer bees
  5 howler monkeys
  2 centaur zombies
  5 crimson imps
  A quasit (D:5)
  3 hounds
  14 orc priests
  2 bullfrog zombies (D:9)
  17 orc wizards
  2 centaur skeletons
  A bullfrog skeleton (D:8)
  3 iguanas
  Natasha (thrice) (D:2)
  2 worker ants
  A killer bee zombie (D:6)
  6 ogre zombies (D:10)
  A howler monkey zombie (D:8)
  A worker ant zombie (D:5)
  8 adders
  6 gnolls
  A shadow imp (D:8)
  4 oozes
  A worm (D:3)
  2 dart slugs (D:3)
  5 leopard geckos
  38 orcs
  A ball python (D:3)
  4 bats
  3 giant cockroaches
  10 hobgoblins
  12 jackals
  2 quokkas
  7 frilled lizards
  6 goblins
  A goblin skeleton (D:10)
  4 goblin zombies (D:10)
  2 hobgoblin zombies (D:10)
  23 kobolds
  3 orc skeletons (D:10)
  14 orc zombies (D:10)
  9 rats
  A bush (D:9)
318 creatures vanquished.

Vanquished Creatures (others)
  An orc zombie (D:10)
  8 plants (D:9)
9 creatures vanquished.

Grand Total: 327 creatures vanquished

Notes
Turn   | Place    | Note
-------+----------+-------------------------------------------
     0 | D:1      | galech the Gargoyle Fighter began the quest for the Orb.
     0 | D:1      | Reached XP level 1. HP: 14/14 MP: 1/1
    56 | D:1      | Reached XP level 2. HP: 19/19 MP: 2/2
   186 | D:1      | Reached XP level 3. HP: 20/23 MP: 3/3
   840 | D:2      | Reached XP level 4. HP: 29/29 MP: 4/4
   859 | D:2      | Reached skill level 3 in Maces & Flails
   959 | D:2      | Found a glowing golden altar of the Shining One.
  1362 | D:2      | Noticed Natasha
  1362 | D:2      | Noticed a necrophage
  1369 | D:2      | Killed a necrophage
  1369 | D:2      | Reached XP level 5. HP: 23/33 MP: 5/5
  1375 | D:2      | Killed Natasha
  1544 | D:2      | Noticed Natasha
  1554 | D:2      | Killed Natasha
  1714 | D:2      | Noticed Natasha
  1730 | D:2      | Killed Natasha
  1730 | D:2      | Reached XP level 6. HP: 15/38 MP: 6/6
  2002 | D:3      | Reached skill level 4 in Maces & Flails
  2520 | D:4      | Found Lorphigh's Gadget Boutique.
  2664 | D:4      | Noticed Grinder
  2664 | D:4      | Paralysed by Grinder for 2 turns
  2682 | D:4      | Killed Grinder
  2682 | D:4      | Reached skill level 5 in Armour
  2682 | D:4      | Reached skill level 1 in Dodging
  2682 | D:4      | Reached skill level 5 in Shields
  2682 | D:4      | Reached XP level 7. HP: 35/43 MP: 7/7
  2727 | D:4      | Noticed Edmund
  2744 | D:4      | Killed Edmund
  2744 | D:4      | Reached skill level 5 in Maces & Flails
  2948 | D:4      | Found a staircase to the Ecumenical Temple.
  2959 | Temple   | Entered the Ecumenical Temple
  2968 | Temple   | Became a worshipper of Warmaster Okawaru
  3067 | D:4      | Noticed Blork the orc
  3081 | D:4      | Killed Blork the orc
  3185 | D:4      | Found a shimmering altar of Xom.
  3272 | D:4      | Reached skill level 6 in Maces & Flails
  3272 | D:4      | Reached XP level 8. HP: 48/48 MP: 8/8
  3535 | D:5      | Entered Level 5 of the Dungeon
  3668 | D:5      | Reached * piety under Okawaru
  4166 | D:6      | Noticed Pikel
  4194 | D:6      | Killed Pikel
  4194 | D:6      | Reached ** piety under Okawaru
  4194 | D:6      | Reached skill level 5 in Fighting
  4194 | D:6      | Reached skill level 7 in Maces & Flails
  4207 | D:6      | Reached XP level 9. HP: 47/54 MP: 9/9
  4210 | D:6      | Found a burning altar of Makhleb.
  4443 | D:6      | Noticed a blizzard demon
  4446 | D:6      | Noticed a smoke demon
  4943 | D:7      | Got a shimmering war axe
  4944 | D:7      | Identified the +0 war axe of the Puffball {flame, Stlth+} (You found it on level 7 of the Dungeon)
  4974 | D:7      | Reached skill level 8 in Maces & Flails
  5000 | D:7      | Reached *** piety under Okawaru
  5144 | D:7      | Found Giss's Jewellery Shoppe.
  5827 | D:8      | Found an ancient bone altar of Kikubaaqudgha.
  5828 | D:8      | Found a sacrificial altar of Ru.
  5931 | D:8      | Reached **** piety under Okawaru
  5957 | D:8      | Reached skill level 9 in Maces & Flails
  5965 | D:8      | Reached XP level 10. HP: 54/60 MP: 4/10
  6082 | D:8      | Killed a very large slime creature
  6114 | D:8      | Reached ***** piety under Okawaru
  6587 | D:8      | Found a sparkling altar of Nemelex Xobeh.
  6588 | D:8      | Found a bloodstained altar of Trog.
  6655 | D:9      | Reached skill level 10 in Maces & Flails
  6923 | D:9      | Received a gift from Okawaru
  6940 | D:9      | Found a shadowy altar of Dithmenos.
  7090 | D:9      | Found a blossoming altar of Fedhas.
  7115 | D:9      | Found a blossoming altar of Fedhas.
  7196 | D:9      | Got a jewelled mace
  7204 | D:9      | Identified the cursed +2 mace of Baofuf {drain, Dex+5 Stlth+} (You found it on level 9 of the Dungeon)
  7448 | D:10     | Entered Level 10 of the Dungeon
  7459 | D:9      | Reached skill level 11 in Maces & Flails
  7463 | D:9      | Reached XP level 11. HP: 67/67 MP: 11/11
  7861 | D:10     | Found a staircase to the Lair.
  7952 | D:10     | Found Suofonu's Book Emporium.
  8083 | D:10     | Received a gift from Okawaru
  8113 | D:10     | Found a staircase to the Orcish Mines.
  8116 | D:10     | Noticed an unseen horror
  8129 | D:10     | Killed an unseen horror
  8291 | Orc:1    | Entered Level 1 of the Orcish Mines
  8294 | Orc:1    | Noticed an orc knight
  8435 | D:10     | Killed an orc knight
  8515 | Orc:1    | Noticed an orc knight
  8526 | Orc:1    | Reached skill level 10 in Shields
  8560 | Orc:1    | Killed an orc knight
  8696 | Orc:1    | Noticed an orc sorcerer
  8701 | Orc:1    | Paralysed by an orc sorcerer for 7 turns
  8718 | Orc:1    | Killed an orc sorcerer
  8849 | Orc:2    | Entered Level 2 of the Orcish Mines
  8854 | Orc:2    | Noticed an orc sorcerer
  8857 | Orc:2    | Noticed a sixfirhy
  8921 | Orc:2    | Paralysed by an orc sorcerer for 3 turns
  8925 | Orc:2    | Killed an orc sorcerer
  9174 | Orc:2    | Noticed an orc high priest
  9205 | Orc:2    | Noticed a soul eater
  9221 | Orc:2    | Noticed a sun demon
  9313 | Orc:2    | Noticed a soul eater
  9314 | Orc:2    | Killed an orc high priest
  9314 | Orc:2    | Reached skill level 12 in Maces & Flails
  9325 | Orc:2    | Noticed an orc high priest
  9333 | Orc:2    | Gained mutation: You are frail. (-10% HP) [a neqoxec]
  9335 | Orc:2    | Killed an orc high priest
  9335 | Orc:2    | Reached XP level 12. HP: 65/67 MP: 12/12
  9413 | Orc:2    | Noticed an orc high priest
  9418 | Orc:2    | Noticed a sun demon
  9427 | Orc:2    | Slain by a sun demon

Vault maps used:
D:1:      giann_bridges, serial_park_tiny_1
D:2:      tso_altar, uniq_natasha
D:3:      first_ration
D:4:      led_xom_imps, minmay_temple_entry_butterflies, serial_shops,
          nicolae_shop_waterfront, uniq_blork_the_orc, uniq_edmund, uniq_grinder
D:6:      kennysheep_six_static_rooms, makhleb_altar_promises_db, uniq_pikel
D:7:      kennysheep_steamy, serial_shops, shop
D:8:      nicolae_overflow_hidden_temple, blue_anna_alchemist
D:9:      grunt_dithmenos_smoke_and_mirrors, lemuel_doored_altar,
          fedhas_altar_decomposition
D:10:     minmay_lair_entry_lava, zombieorc2_lemuel, serial_shops,
          nicolae_shop_waterfront
Temple:   eino_wide_crystal_templ
Orc:1:    mines4_lemuel
Orc:2:    st_orc_mages, uniq_maurice

Skill      XL: |  1  2  3  4  5  6  7  8  9 10 11 |
---------------+----------------------------------+-----
Shields        | 4 5 6 7 8 11 | 11.0
Maces & Flails | 3 4 6 7 9 11 12 | 12.2
Armour         | 4 5 6 7 8 |  8.5
Fighting       | 4 5 6 7 8 |  8.5
Dodging        | 1 2 3 |  3.4
Stealth        | |  0.3

Action                   |  1- 3 |  4- 6 |  7- 9 | 10-12 || total
-------------------------+-------+-------+-------+-------++-------
Melee: Flail             |   121 |   178 |   274 |   184 ||   757
       Mace              |       |       |       |   616 ||   616
Invok: Heroism           |       |       |       |     1 ||     1
  Use: Scroll            |       |       |       |    10 ||    10
  Eat: Chunk             |       |    20 |     7 |     9 ||    36
       Ration            |       |       |       |     1 ||     1
Armor: Scale mail        |    88 |   111 |    95 |       ||   294
       Plate armour      |       |       |    18 |   336 ||   354
       Chain mail        |       |       |     6 |       ||     6
       Steam dragon scal |       |       |       |    16 ||    16
Dodge: Dodged            |    59 |    56 |    93 |   207 ||   415
Block: Shield            |    72 |   106 |   164 |   485 ||   827

Table legend:
 A = Spawn XP
 B = Non-spawn XP
 C = Spawn XP percentage of total XP
 D = Spawn monster count
 E = Non-spawn monster count
 F = Spawn count percentage of total count
 G = Total turns spent on level
                    A         B        C        D         E        F      G
               +---------+---------+-------+---------+---------+-------+---------
         Total |       0 |   18926 |   0.0 |       0 |     317 |   0.0 |  9427
               +---------+---------+-------+---------+---------+-------+---------
           D:1 |       0 |      55 |   0.0 |       0 |      27 |   0.0 |   744
           D:2 |       0 |     285 |   0.0 |       0 |      16 |   0.0 |  1203
           D:3 |       0 |     138 |   0.0 |       0 |      30 |   0.0 |   565
           D:4 |       0 |     792 |   0.0 |       0 |      12 |   0.0 |  1004
           D:5 |       0 |     380 |   0.0 |       0 |      12 |   0.0 |   610
           D:6 |       0 |    1101 |   0.0 |       0 |      13 |   0.0 |   748
           D:7 |       0 |     705 |   0.0 |       0 |      19 |   0.0 |   851
           D:8 |       0 |    2671 |   0.0 |       0 |      29 |   0.0 |   873
           D:9 |       0 |    3402 |   0.0 |       0 |      43 |   0.0 |   943
          D:10 |       0 |    3769 |   0.0 |       0 |      71 |   0.0 |   902
         Orc:1 |       0 |    2827 |   0.0 |       0 |      29 |   0.0 |   525
         Orc:2 |       0 |    2801 |   0.0 |       0 |      16 |   0.0 |   440
               +---------+---------+-------+---------+---------+-------+---------
